 Dungeon Crawl Stone Soup version 0.31-a0-810-ga77100ea1a (webtiles) character file.

Game seed: 1584526793406599673

312 arthad the Magician (level 6, -9/32 HPs)
             Began as a Deep Elf Earth Elementalist on Sept 21, 2023.
             Mangled by Crazy Yiuf
             ... wielding a +4 quarterstaff of chaos
              (14 damage)
             ... on level 2 of the Dungeon.
             The game lasted 00:02:36 (1666 turns).

arthad the Magician (Deep Elf Earth Elementalist)   Turns: 1666, Time: 00:02:37

Health: -9/32      AC:  2    Str:  5    XL:     6   Next: 18%
Magic:  12/15      EV: 13    Int: 22    God:
Gold:   89         SH:  0    Dex: 15    Spells: 13/14 levels left

rFire   + . .        c - +2 whip (venom)
rCold   . . .        (no shield)
rNeg    . . .        a - +0 robe
rPois   .            (no helmet)
rElec   .            (no cloak)
rCorr   .            (no gloves)
SInv    .            (no boots)
Will    .....        (no amulet)
Stlth   +++          f - ring of protection from fire
HPRegen 0.25/turn    (no ring)
MPRegen 0.14/turn

%: no passive effects
@: no status effects
A: no striking features
a: no special abilities


You were on level 2 of the Dungeon.
You visited 1 branch of the dungeon, and saw 2 of its levels.

You collected 110 gold pieces.
You spent 21 gold pieces at shops.

Inventory:

Hand Weapons
 c - a +2 whip of venom (weapon)
Missiles
 i - 3 poisoned darts
 k - 4 atropa-tipped darts
Armour
 a - a +0 robe (worn)
Jewellery
 f - a ring of protection from fire (left hand)
 q - an amulet of faith
Scrolls
 d - 3 scrolls of enchant armour {unknown}
 e - 2 scrolls of teleportation {unknown}
 g - 2 scrolls of identify {unknown}
 h - a scroll of noise {unknown}
 n - a scroll of enchant weapon {unknown}
 o - a scroll of immolation {unknown}
 p - a scroll of revelation {unknown}
Potions
 b - a potion of magic
 j - 2 potions of lignification {unknown}
 l - a potion of cancellation {unknown}
 m - 2 potions of heal wounds {unknown}
 r - a potion of degeneration {unknown}


   Skills:
 + Level 4.1 Dodging
 + Level 4.3 Stealth
 + Level 4.7 Spellcasting
 + Level 3.1 Transmutations
 + Level 4.4 Earth Magic


You had 13 spell levels left.
You knew the following spells:

 Your Spells              Type           Power      Damage    Failure   Level
a - Sandblast             Erth           48%        2d12      1%          1

Your spell library contained the following spells:

 Spells                   Type           Power      Damage    Failure   Level
 Passwall                 Tmut/Erth      17%        N/A       3%          2
 Freeze                   Ice            20%        1d4       11%         1
 Stone Arrow              Conj/Erth      30%        3d8       13%         3
 Petrify                  Tmut/Erth      21%        N/A       22%         4
 Frozen Ramparts          Ice            10%        1d2       30%         3
 Hailstorm                Conj/Ice       5%         3d4       30%         3
 Brom's Barrelling Bould  Conj/Erth      15%        2d4       38%         4


Dungeon Overview and Level Annotations

Branches:
Dungeon (2/15)

Altars:

Shops:
D:1 *[

Annotations:
D:2 Crazy Yiuf


Message History

A hobgoblin is nearby!
You can't see any susceptible monsters within range! (Use Z to cast anyway.)
You can't see any susceptible monsters within range! (Use Z to cast anyway.)
Found a sedimented ruby potion.
The blast of sand hits the hobgoblin but does no damage.
The hobgoblin shouts!
The blast of sand hits the hobgoblin.
You kill the hobgoblin!
You can't see any susceptible monsters within range! (Use Z to cast anyway.)
r - a sedimented ruby potion You see here a ball python corpse.
You see here a ball python corpse.
There is an open door here.
Could not explore, unopened runed door.
You open the door.
The blast of sand hits Crazy Yiuf.
Crazy Yiuf is lightly wounded.
Crazy Yiuf shouts!
Crazy Yiuf hits you with a +4 quarterstaff of chaos.
Crazy Yiuf burns you.
The blast of sand hits Crazy Yiuf.
Crazy Yiuf is moderately wounded.
Crazy Yiuf hits you with a +4 quarterstaff of chaos.
Crazy Yiuf hits you with a +4 quarterstaff of chaos!
* * * LOW HITPOINT WARNING * * *
Crazy Yiuf burns you.
* * * LOW HITPOINT WARNING * * *
You are too injured to fight recklessly!
Okay, then.
Okay, then.
Unknown command.
Unknown command.
Aiming: Sandblast (safe; 1% risk of failure)
Press: ? - help, Q - select action, (/) - cycle Shift-Dir - straight line, f/p - Crazy Yiuf
Aim: Crazy Yiuf, wielding a +4 quarterstaff of chaos and wearing a +0 cloak (moderately wounded, 85% to hit)
The blast of sand hits Crazy Yiuf!
Crazy Yiuf is heavily wounded.
Crazy Yiuf says, "Lay!
Key head infinity."
Crazy Yiuf hits you with a +4 quarterstaff of chaos!
You die...

# #.....#
#....####...##......
######.....# #....#
###.##..>...
...........# ♣....♣
#.##......
..)....##..# ♣...♣♣
###..#(.....
###.......## ♣♣.♣♣
#.....######
....###...># ♣.♣♣
#.........## .####
###### ♣♣.♣
#####.<##... ## ♣.♣♣
######## ♣♣@♣ #g#
... #...# #..)#
#####


You could see Crazy Yiuf.

Vanquished Creatures
  Sigmund (D:2)
  A hound (D:2)
  6 adders (D:2)
  3 dart slugs
  3 bats (D:2)
  5 endoplasms
  4 giant cockroaches
  5 goblins
  4 hobgoblins
  5 kobolds
  4 quokkas
  8 ball pythons
  A frilled lizard (D:2)
  6 rats
56 creatures vanquished.

Notes
Turn   | Place    | Note
-------+----------+-------------------------------------------
     0 | D:1      | arthad the Deep Elf Earth Elementalist began the quest for
                  | the Orb.
     0 | D:1      | Reached XP level 1. HP: 10/10 MP: 6/6
    37 | D:1      | Found a faded altar of an unknown god.
    41 | D:1      | Found Geoprukh's Antique Armour Shoppe.
   172 | D:1      | Reached XP level 2. HP: 15/15 MP: 5/8
   234 | D:1      | Found Denis's Assorted Antiques.
   239 | D:1      | Bought a scroll labelled BIEF BUBROUC for 21 gold pieces
   693 | D:2      | Reached XP level 3. HP: 13/19 MP: 5/10
   783 | D:2      | Found a runed translucent door.
   784 | D:2      | Noticed Crazy Yiuf
   839 | D:2      | Noticed Sigmund
   843 | D:2      | Killed Sigmund
   844 | D:2      | Reached XP level 4. HP: 20/24 MP: 7/12
   844 | D:2      | Reached XP level 5. HP: 23/28 MP: 7/13
  1191 | D:2      | Reached XP level 6. HP: 32/32 MP: 10/14
  1666 | D:2      | Mangled by Crazy Yiuf

Illustrated notes

Levels and vault maps discovered:
D:1:      mrwooster_arrival_statue_2, layout_rooms,
          hellmonk_ecumenical_altar_crossroads, serial_shops,
          nicolae_shop_hallway_plus, shop
D:2:      minmay_razor_zed, layout_rooms, minmay_quantized, uniq_sigmund,
          uniq_crazy_yiuf_cottage

Skill      XL: |  1  2  3  4  5 |
---------------+----------------+-----
Stealth        | 3 4 |  4.3
Dodging        | 3 4 |  4.1
Transmutations | 2 3 |  3.1
Spellcasting   | 4 |  4.7
Earth Magic    | 4 |  4.4

Action                     |  1- 3 |  4- 6 || total
---------------------------+-------+-------++-------
   Cast: Sandblast         |    34 |    43 ||    77
 Armour: Robe              |     3 |     7 ||    10
  Dodge: Dodged            |     2 |     4 ||     6

Table legend: (Time is in decaauts)
 A = Elapsed time spent in this place.
 B = Non-inter-level travel time spent in this place.
 C = Inter-level travel time spent in this place.
 D = Time resting spent in this place.
 E = Time spent auto-exploring this place.
 F = Levels seen in this place.
 G = Mean time per level.
                   A        B        C        D        E       F      G
               +--------+--------+--------+--------+--------+-----+--------+
         Total |   1702 |   1684 |     18 |      0 |   1444 |   2 |  851.0 |
       Dungeon |   1702 |   1684 |     18 |      0 |   1444 |   2 |  851.0 |
               +--------+--------+--------+--------+--------+-----+--------+

Top non-repeatable levels by time:
     D:2: 1068 daAuts
     D:1: 634 daAuts
